 Dungeon Crawl Stone Soup version 0.26.0-16-gc1dbca0489 (webtiles) character file.

Game seed: 15461129772743471588

1030 kaeus the Chopper (level 8, -2/71 HPs)
             Began as a Hill Orc Monk on Jan 19, 2021.
             Was a Believer of Beogh.
             Slain by a killer bee (5 damage)
             ... on level 7 of the Dungeon.
             The game lasted 00:17:52 (5970 turns).

kaeus the Chopper (Hill Orc Monk)                   Turns: 5970, Time: 00:17:53

Health: -2/71      AC: 14    Str: 16    XL:     8   Next: 23%
Magic:  9/10       EV:  6    Int: 10    God:    Beogh [**....]
Gold:   132        SH:  9    Dex: 23    Spells: 7/7 levels left

rFire    . . .     SeeInvis .   z - +0 hand axe "Furor" {pain, Dex+4}
rCold    + . .     Faith    +   w - +0 kite shield
rNeg     . . .     Spirit   .   r - +0 chain mail
rPois    .         Reflect  .   (no helmet)
rElec    .         Harm     .   b - +0 cloak
rCorr    .         Rampage  .   d - +1 pair of gloves
Will     .....                  j - +0 pair of boots
Stlth    ..........             l - amulet of faith
HPRegen  0.21/turn              e - ring of protection from cold
MPRegen  0.12/turn              q - +6 ring of dexterity

@: lethally poisoned (-2 -> -21)
A: no striking features
a: Renounce Religion, Smiting


You were on level 7 of the Dungeon.
You worshipped Beogh.
Beogh was pleased with you.
You visited 1 branch of the dungeon, and saw 7 of its levels.

You collected 226 gold pieces.
You spent 94 gold pieces at shops.

Inventory:

Hand Weapons
 z - the +0 hand axe "Furor" (weapon) {pain, Dex+4}
   (You found it on level 5 of the Dungeon)

   In the hands of one skilled in necromantic magic, it inflicts extra damage on
   living creatures.
   It affects your dexterity (+4).
Armour
 b - a +0 cloak (worn)
 d - a +1 pair of gloves (worn)
 j - a +0 pair of boots (worn)
 r - a +0 chain mail (worn)
 w - a +0 kite shield (worn)
Jewellery
 c - an uncursed amulet of reflection
 e - a ring of protection from cold (left hand)
 l - an amulet of faith (around neck)
 m - an uncursed ring of resist corrosion
 q - a +6 ring of dexterity (right hand)
 t - an uncursed ring of willpower
Scrolls
 f - a scroll of immolation
 u - 3 scrolls of teleportation
 x - a scroll of blinking
Potions
 a - 2 potions of curing {unknown}
 g - 2 potions of ambrosia
 k - a potion of mutation {unknown}
 n - a potion of invisibility {unknown}
 o - a potion of lignification {unknown}
 s - a potion of berserk rage {unknown}
 v - 2 potions of cancellation {unknown}


   Skills:
 + Level 6.5 Fighting
 + Level 7.1 Axes
 + Level 4.6 Armour
 - Level 2.4 Dodging
 - Level 3.6 Stealth
 + Level 2.3 Shields
 + Level 2.7 Invocations


You had 7 spell levels left.
You didn't know any spells.
Your spell library was empty.

Dungeon Overview and Level Annotations

Branches:
Dungeon (8/15)
 Temple: D:4-7         Lair: D:8-11

Altars:
Fedhas
Gozag
Okawaru
Trog
Uskayaw

Shops:
D:4 [


Message History

You feel sick.
The killer bee stings you but does no damage.
You block the killer bee's attack.
There is an open door here.
You see here a killer bee corpse.
* * * LOW HITPOINT WARNING * * *
You feel very sick.
* * * LOW HITPOINT WARNING * * *
You feel sick. The killer bee stings you.
* * * LOW HITPOINT WARNING * * *
* * * LOW HITPOINT WARNING * * *
You feel very sick. The killer bee completely misses you.
* * * LOW HITPOINT WARNING * * *
You feel sick.
The killer bee stings you but does no damage.
There is a stone staircase leading up here.
* * * LOW HITPOINT WARNING * * *
You feel sick. The killer bee closely misses you. The killer bee stings you.
You die...

##....# .......
....... ...... ...#
....#####..#
#......#..##########
#......+..#.........
#..@y..#..#.........
#..yy..#..#.....>...
###....#..##..##....
#....†..##..##....
#....#......#.y...
#....#......#.....
....####.?....#.....
..... #......#.....
..... #.....?#.....


You could see 3 killer bees.

Vanquished Creatures
  Duvessa (D:5)
  Dowan (D:5)
  2 scorpions (D:4)
  4 killer bees
  A quasit (D:5)
  An orc priest (D:3)
  2 hounds
  2 orc wizards (D:3)
  A bullfrog skeleton (D:5)
  Jessica (D:2)
  Terence (D:3)
  3 worker ants
  A worker ant zombie (D:8)
  A gnoll (D:2)
  11 adders
  An ufetubus (D:2)
  2 oozes
  An adder skeleton (D:4)
  4 worms
  A dart slug (D:2)
  5 leopard geckos
  12 orcs
  A ball python (D:2)
  4 giant cockroaches
  9 goblins
  15 hobgoblins
  5 jackals (D:5)
  2 kobolds (D:1)
  4 quokkas
  10 bats
  5 frilled lizards
  A leopard gecko skeleton (D:4)
  4 rats
119 creatures vanquished.

Vanquished Creatures (others)
  An orc wizard (D:3)
1 creature vanquished.

Grand Total: 120 creatures vanquished

Notes
Turn   | Place    | Note
-------+----------+-------------------------------------------
     0 | D:1      | kaeus the Hill Orc Monk began the quest for the Orb.
     0 | D:1      | Reached XP level 1. HP: 19/19 MP: 1/1
   254 | D:1      | Reached XP level 2. HP: 22/27 MP: 2/2
   656 | D:1      | Reached skill level 1 in Armour
   863 | D:2      | Reached XP level 3. HP: 33/33 MP: 3/3
  1561 | D:2      | HP: 1/34 [gnoll/stone (2)]
  1600 | D:2      | Reached XP level 4. HP: 41/41 MP: 4/4
  1693 | D:2      | Found an iron altar of Okawaru.
  1969 | D:2      | Found a hide-covered altar of Uskayaw.
  2167 | D:2      | Found a blossoming altar of Fedhas.
  2295 | D:3      | Noticed Jessica
  2302 | D:2      | Killed Jessica
  2303 | D:2      | Reached skill level 5 in Axes
  2303 | D:2      | Reached XP level 5. HP: 42/47 MP: 5/5
  2345 | D:3      | Noticed Terence
  2372 | D:3      | Killed Terence
  2787 | D:3      | Found an opulent altar of Gozag.
  2815 | D:3      | Reached skill level 5 in Fighting
  2866 | D:3      | Reached XP level 6. HP: 37/56 MP: 6/6
  3057 | D:3      | Became a worshipper of Beogh the Brigand
  3057 | D:3      | Reached * piety under Beogh
  3057 | D:3      | Reached ** piety under Beogh
  3924 | D:4      | Found a bloodstained altar of Trog.
  3966 | D:4      | Reached skill level 6 in Axes
  4328 | D:4      | Reached XP level 7. HP: 55/61 MP: 7/7
  4654 | D:4      | Found Gorokkui's Antique Armour Shoppe.
  4699 | D:4      | Bought a kite shield for 94 gold pieces
  4995 | D:5      | Entered Level 5 of the Dungeon
  5247 | D:5      | Noticed Dowan
  5248 | D:5      | Noticed Duvessa
  5280 | D:5      | Killed Duvessa
  5281 | D:5      | Reached skill level 1 in Shields
  5281 | D:5      | Reached skill level 1 in Invocations
  5294 | D:5      | Killed Dowan
  5495 | D:5      | Got a brightly glowing hand axe
  5509 | D:5      | Identified the cursed +0 hand axe "Furor" {pain, Dex+4}
                  | (You found it on level 5 of the Dungeon)
  5603 | D:5      | You fall into a shaft and drop 3 floors!
  5629 | D:8      | Reached XP level 8. HP: 46/71 MP: 9/9
  5651 | D:8      | Reached skill level 7 in Axes
  5970 | D:7      | HP: 3/71 [poisoned by a killer bee]
  5970 | D:7      | Slain by a killer bee

Illustrated notes

Levels and vault maps discovered:
D:1:      psy_arrival_basics, layout_loops_ring
D:2:      layout_loops_cross, eat_drink_and_be_merry_uskayaw, fedhas_altar_2,
          okawaru_altar_gauntlet_db
D:3:      layout_basic, grunt_gozag_statues, uniq_jessica, uniq_terence
D:4:      layout_basic, nicolae_overflow_crystal_walls, serial_shops, shop
D:5:      kennysheep_six_static_rooms, layout_basic,
          grunt_temple_overflow_diamond, uniq_blork_the_orc, uniq_duvessa,
          uniq_grinder
D:7:      nzn_winding_woodlands_small
          [nzn_winding_woodlands_5x15_pathside_ponds,
          nzn_winding_woodlands_center_triple_pond,
          nzn_winding_woodlands_5x15_pool], layout_gridville, vehumet_crystals,
          nemelex_lonely_heart_becter
D:8:      layout_loops_ring, gammafunk_temple_overflow_wave, serial_shops, shop,
          basic_altar, chequers_jeans

Skill      XL: |  1  2  3  4  5  6  7  8 |
---------------+-------------------------+-----
Fighting       | 4 5 6 |  6.5
Armour         | 1 2 3 4 |  4.6
Stealth        | 2 3 |  3.6
Axes           | 5 6 7 |  7.1
Shields        | 1 2 |  2.3
Invocations    | 2 |  2.7
Dodging        | |  2.4

Action                   |  1- 3 |  4- 6 |  7- 9 || total
-------------------------+-------+-------+-------++-------
Melee: Hand axe          |   117 |   283 |   208 ||   608
Invok: Smiting           |       |     1 |     2 ||     3
       Convert to Beogh  |       |     1 |       ||     1
  Use: Scroll            |     4 |     3 |     3 ||    10
       Potion            |     2 |     1 |     2 ||     5
 Stab: Sleeping          |     2 |     1 |       ||     3
Armor: Robe              |    10 |       |       ||    10
       Ring mail         |    23 |    23 |       ||    46
       Chain mail        |       |   125 |   200 ||   325
Dodge: Dodged            |    75 |   123 |    74 ||   272
Block: Other             |     7 |    14 |       ||    21
       Reflection        |       |     1 |       ||     1
       Kite shield       |       |       |   107 ||   107
